AoeStats
← 黑石塔

Black Forest

505207553Analyzed
4v4 RM · 25d ago on Sep 8, 2026· 34m 9s· 8 players
Game mode
Random Map
Map size
Large (8 player)
Population
200
Speed
Normal
Resources
Standard
Victory
Conquest
Starting age
Dark Age
Ending age
Imperial Age
RankedLock teamsTeams togetherTeam positionsShared explorationLock speedFull tech treeHidden civsTurbo modeCheats
Victory
Defeat
🇨🇳 Magyars · China
1551
+13
🇨🇳 Bulgarians · China
1449
+18
🇨🇳 Dravidians · China
1413
+19
🇨🇳 Cumans · China
1380
+20
🇩🇪 Malians · Germany
1556
-20
🇩🇪 Franks · Germany
1467
-17
🇩🇪 Turks · Germany
1458
-17
🇵🇪 Hindustanis · Peru
1456
-16
NoName06
9:41 Loom
11:26 Feudal Age
15:53 Castle Age
13:55 Double-Bit Axe
14:02 Gold Mining
16:06 Scale Barding Armor
16:38 Husbandry
22:31 Bow Saw
24:21 Forging
27:24 Chain Barding Armor
TheBlackMamba
5:47 Loom
8:59 Feudal Age
9:46 Man-at-Arms
15:28 Double-Bit Axe
16:43 Horse Collar
22:25 Castle Age
22:25 Fletching
22:35 Padded Archer Armor
23:06 Bodkin Arrow
25:22 Leather Archer Armor
27:08 Wheelbarrow
30:12 Ballistics
33:02 Bloodlines
Espresso
0:28 Loom
16:32 Feudal Age
17:29 Man-at-Arms
20:10 Double-Bit Axe
20:09 Horse Collar
24:49 Castle Age
24:29 Fletching
28:51 Castle Age
29:04 Crossbowman
CTM | KLIN
10:11 Feudal Age
13:44 Castle Age
13:44 Double-Bit Axe
15:44 Horse Collar
16:41 Loom
21:07 Scale Mail Armor
24:03 Bow Saw
28:21 Forging
32:53 Imperial Age
黑石塔
0:50 Loom
17:03 Feudal Age
18:27 Double-Bit Axe
18:24 Horse Collar
24:11 Castle Age
22:35 Stone Mining
26:50 Wheelbarrow
27:24 Town Watch
28:12 Bow Saw
30:34 Gold Mining
Stalin
9:20 Feudal Age
10:10 Double-Bit Axe
10:11 Horse Collar
20:00 Castle Age
19:32 Scale Mail Armor
19:31 Gold Mining
20:55 Bow Saw
20:26 Pikeman
22:22 Squires
24:40 Loom
27:12 Wheelbarrow
26:46 Heavy Plow
28:14 Forging
33:41 Imperial Age
32:04 Chain Mail Armor
32:24 Iron Casting
31:57 Stone Mining
31:56 Capped Ram
32:49 Man-at-Arms
33:15 Arson
33:57 Halberdier
35:11 Plate Mail Armor
35:16 Iron Casting
第一滴血
11:08 Feudal Age
15:53 Castle Age
13:59 Double-Bit Axe
22:53 Loom
26:18 Fletching
27:12 Bodkin Arrow
27:55 Wheelbarrow
30:44 Bloodlines
30:44 Padded Archer Armor
739697286
1:18 Loom
11:15 Feudal Age
Connection lost

Rejoining the realm…

Still unreachable

The connection could not be restored.

Session expired

The server has moved on; the page needs a fresh start.